General information
- name: BNet
- type: Ladder team game (AT/RT)
- host: Battle.net
- saver: Blight
map: MarketSquare
- players: 8
- length: 32:34
- speed: Fast
- version: 1.26 W3XP
- replay type: Public
» download(176 KB)
Players
team 1 (loser)

»
Dark-Horde (
green | 39 APM | 898 actions | 23:10)
5 Archmage
3 Summon Water Elemental
2 Brilliance Aura
4 Paladin
1 Divine Shield
1 Holy Light
2 Devotion Aura
1 Mountain King
1 Storm Bolt
» actions
| Assign group hotkey | 16 | |
| Basic commands | 31 | |
| Build / train | 61 | |
| Enter build submenu | 24 | |
| Enter hero's abilities submenu | 10 | |
| Right click | 275 | |
| Select / deselect | 203 | |
| Select group hotkey | 235 | |
| Use ability | 43 | |
898 total
» units
| Peasant | 12 | |
| Footman | 9 | |
| Rifleman | 11 | |
| Spell Breaker | 3 | |
35 total
» upgrades
| Long Rifles | 1 | |
| Lumber Harvesting | 1 | |
| Gunpowder | 2 | |
| Armor | 2 | |
| Priest Training | 1 | |
| Sorceress Training | 1 | |
8 total
» buildings
| Altar of Kings | 1 | |
| Barracks | 2 | |
| Farm | 13 | |
| Lumber Mill | 1 | |
| Keep | 1 | |
| Arcane Vault | 1 | |
| Blacksmith | 1 | |
| Scout Tower | 2 | |
| Guard Tower | 1 | |
| Castle | 1 | |
| Arcane Sanctum | 1 | |
| Town Hall | 1 | |
26 total
» build order
00:25 Altar of Kings
00:38 Barracks
00:54 Farm
01:38 Farm
01:47 Lumber Mill
02:21 Farm
03:11 Farm
03:13 Keep
03:53 Barracks
04:00 Arcane Vault
04:53 Blacksmith
05:03 Farm
06:01 Scout Tower
06:39 Farm
07:25 Farm
07:59 Farm
08:03 Scout Tower
08:34 Guard Tower
08:40 Farm
10:20 Castle
13:56 Arcane Sanctum
13:59 Farm
15:44 Farm
18:03 Farm
18:08 Town Hall
20:12 Farm
» items
Easy_E (
yellow | 30 APM | 708 actions | 23:15)
4 Blademaster
1 Wind Walk
2 Critical Strike
1 Mirror Image
3 Shadow Hunter
2 Healing Wave
1 Hex
» actions
| Build / train | 69 | |
| Enter build submenu | 18 | |
| Enter hero's abilities submenu | 7 | |
| Give item / drop item | 2 | |
| Right click | 276 | |
| Select / deselect | 259 | |
| Use ability | 77 | |
708 total
» units
| Peon | 13 | |
| Troll Headhunter/Berserker | 14 | |
| Shaman | 3 | |
| Troll Witch Doctor | 5 | |
35 total
» upgrades
| Troll Regeneration | 1 | |
| Ranged Weapons | 3 | |
| Armor | 2 | |
| Shaman Training | 2 | |
| Witch Doctor Training | 2 | |
| Berserker Upgrade | 1 | |
| Reinforced Defenses | 1 | |
12 total
» buildings
| Altar of Storms | 1 | |
| Orc Burrow | 8 | |
| Barracks | 3 | |
| Voodoo Lounge | 1 | |
| Stronghold | 1 | |
| War Mill | 1 | |
| Spirit Lodge | 1 | |
| Fortress | 1 | |
| Great Hall | 1 | |
18 total
» build order
00:27 Altar of Storms
00:43 Orc Burrow
00:58 Barracks
01:50 Voodoo Lounge
01:57 Orc Burrow
03:14 Stronghold
03:47 Barracks
03:51 Barracks
04:22 War Mill
04:50 Orc Burrow
07:07 Spirit Lodge
07:43 Fortress
08:43 Orc Burrow
08:56 Orc Burrow
10:34 Orc Burrow
10:38 Orc Burrow
13:04 Great Hall
15:06 Orc Burrow
» items
| Healing Salve | 2 | |
| Lesser Clarity Potion | 3 | |
| Scroll of Town Portal | 3 | |
| Scroll of Speed | 2 | |
| Orb of Lightning | 1 | |
11 total

»
07forresterXT (
blue | 48 APM | 1131 actions | 23:38)
5 Blademaster
3 Wind Walk
2 Mirror Image
1 Shadow Hunter
1 Healing Wave
» actions
| Assign group hotkey | 114 | |
| Basic commands | 7 | |
| Build / train | 62 | |
| Enter build submenu | 19 | |
| Enter hero's abilities submenu | 6 | |
| Right click | 465 | |
| Select / deselect | 222 | |
| Select group hotkey | 133 | |
| Use ability | 103 | |
1131 total
» units
| Peon | 5 | |
| Grunt | 7 | |
| Forest Troll High Priest | 2 | |
| Assassin | 1 | |
| Rogue | 2 | |
| Demolisher | 5 | |
22 total
» upgrades
| Spiked Barricades | 2 | |
| Armor | 1 | |
| Melee Weapons | 1 | |
| Berserker Strength | 1 | |
| Burning Oil | 1 | |
6 total
» buildings
| Altar of Storms | 1 | |
| Orc Burrow | 6 | |
| Barracks | 2 | |
| War Mill | 1 | |
| Voodoo Lounge | 1 | |
| Watch Tower | 13 | |
| Stronghold | 1 | |
| Fortress | 1 | |
26 total
» build order
00:29 Altar of Storms
00:39 Orc Burrow
01:03 Barracks
01:07 Orc Burrow
01:51 War Mill
02:30 Voodoo Lounge
03:52 Watch Tower
03:53 Watch Tower
05:18 Stronghold
05:26 Watch Tower
05:26 Watch Tower
06:30 Watch Tower
06:50 Watch Tower
09:11 Watch Tower
09:13 Fortress
10:25 Watch Tower
11:44 Barracks
11:54 Orc Burrow
11:57 Orc Burrow
14:56 Orc Burrow
15:08 Orc Burrow
21:07 Watch Tower
21:08 Watch Tower
21:10 Watch Tower
21:11 Watch Tower
21:12 Watch Tower
» items
| Healing Salve | 7 | |
| Lesser Clarity Potion | 3 | |
| Scroll of Speed | 3 | |
| Potion of Healing | 6 | |
| Orb of Lightning | 1 | |
| Scroll of Town Portal | 2 | |
| Potion of Mana | 2 | |
24 total
WorldsWorstDad (
orange | 20 APM | 657 actions | 32:33)
2 Blademaster
1 Wind Walk
1 Critical Strike
2 Far Seer
1 Feral Spirit
1 Chain Lighting
» actions
| Basic commands | 4 | |
| Build / train | 89 | |
| Enter build submenu | 28 | |
| Enter hero's abilities submenu | 4 | |
| Remove unit from queue | 8 | |
| Right click | 205 | |
| Select / deselect | 242 | |
| Use ability | 77 | |
657 total
» units
| Peon | 12 | |
| Wind Rider | 1 | |
| Shaman | 1 | |
| Troll Batrider | 11 | |
| Peasant | 25 | |
50 total
» upgrades
| Spiked Barricades | 3 | |
| Armor | 3 | |
| Reinforced Defenses | 1 | |
| Ranged Weapons | 3 | |
| Shaman Training | 2 | |
| Envenomed Spears | 1 | |
| Liquid Fire | 1 | |
| Masonry | 1 | |
| Magic Sentry | 1 | |
16 total
» buildings
| Altar of Storms | 1 | |
| Orc Burrow | 8 | |
| Voodoo Lounge | 1 | |
| Stronghold | 1 | |
| War Mill | 1 | |
| Fortress | 1 | |
| Watch Tower | 17 | |
| Beastiary | 3 | |
| Spirit Lodge | 2 | |
| Barracks | 1 | |
| Town Hall | 5 | |
| Keep | 1 | |
| Farm | 1 | |
| Scout Tower | 1 | |
| Arcane Tower | 1 | |
45 total
» build order
00:10 Altar of Storms
00:18 Orc Burrow
01:35 Orc Burrow
02:21 Voodoo Lounge
02:35 Stronghold
02:43 War Mill
03:28 Orc Burrow
03:31 Orc Burrow
06:09 Fortress
06:24 Watch Tower
06:26 Watch Tower
06:30 Watch Tower
06:34 Watch Tower
06:36 Watch Tower
06:38 Watch Tower
06:41 Watch Tower
10:30 Watch Tower
10:32 Watch Tower
10:35 Watch Tower
10:37 Watch Tower
10:46 Watch Tower
10:49 Watch Tower
10:51 Watch Tower
10:53 Watch Tower
10:57 Watch Tower
14:28 Beastiary
14:32 Beastiary
14:40 Beastiary
14:47 Spirit Lodge
14:51 Spirit Lodge
15:42 Orc Burrow
15:46 Orc Burrow
16:00 Orc Burrow
16:04 Orc Burrow
21:18 Watch Tower
23:12 Barracks
28:03 Town Hall
28:10 Town Hall
28:17 Town Hall
29:04 Town Hall
30:13 Keep
31:03 Farm
31:23 Town Hall
31:50 Scout Tower
32:30 Arcane Tower
» items
| Healing Salve | 2 | |
| Orb of Lightning | 1 | |
| Potion of Healing | 1 | |
| Lesser Clarity Potion | 1 | |
5 total
team 2 (winner)
Blight (
pink | 87 APM | 2820 actions | 32:34)
8 Mountain King
3 Storm Bolt
3 Bash
1 Avatar
1 Thunder Clap
» actions
| Assign group hotkey | 67 | |
| Basic commands | 167 | |
| Build / train | 180 | |
| ESC pressed | 3 | |
| Enter build submenu | 41 | |
| Enter hero's abilities submenu | 8 | |
| Give item / drop item | 5 | |
| Remove unit from queue | 1 | |
| Right click | 1023 | |
| Select / deselect | 462 | |
| Select group hotkey | 738 | |
| Use ability | 125 | |
2820 total
» units
| Peasant | 16 | |
| Footman | 5 | |
| Sorceress | 2 | |
| Mortar Team | 10 | |
| Knight | 8 | |
| Dragonhawk Rider | 1 | |
| Siege Engine | 5 | |
47 total
» upgrades
| Masonry | 3 | |
| Lumber Harvesting | 2 | |
| Sorceress Training | 2 | |
| Swords | 4 | |
| Armor | 3 | |
| Gunpowder | 3 | |
| Magic Sentry | 1 | |
| Fragmentation Shards | 1 | |
| Cloud | 1 | |
| Barrage | 1 | |
| Plating | 3 | |
| Priest Training | 1 | |
| Animal War Training | 1 | |
| Flare | 1 | |
27 total
» buildings
| Altar of Kings | 1 | |
| Barracks | 2 | |
| Farm | 14 | |
| Scout Tower | 13 | |
| Arcane Tower | 3 | |
| Keep | 2 | |
| Lumber Mill | 1 | |
| Guard Tower | 40 | |
| Town Hall | 1 | |
| Arcane Vault | 1 | |
| Castle | 3 | |
| Arcane Sanctum | 1 | |
| Blacksmith | 1 | |
| Workshop | 2 | |
| Gryphon Aviary | 1 | |
86 total
» build order
00:41 Altar of Kings
00:43 Barracks
00:53 Farm
01:06 Farm
01:34 Farm
02:06 Farm
02:10 Farm
02:15 Scout Tower
02:44 Arcane Tower
02:45 Arcane Tower
03:37 Keep
03:37 Keep
04:00 Lumber Mill
04:09 Scout Tower
04:53 Scout Tower
04:55 Scout Tower
05:05 Scout Tower
05:13 Guard Tower
05:14 Guard Tower
05:18 Town Hall
05:24 Guard Tower
05:24 Guard Tower
05:24 Guard Tower
05:35 Guard Tower
05:35 Guard Tower
05:35 Guard Tower
05:57 Guard Tower
05:57 Guard Tower
05:58 Guard Tower
05:59 Scout Tower
06:10 Scout Tower
06:12 Scout Tower
06:59 Arcane Vault
07:03 Guard Tower
07:03 Guard Tower
07:49 Castle
07:49 Castle
09:35 Scout Tower
09:36 Scout Tower
09:41 Arcane Sanctum
10:03 Blacksmith
10:12 Guard Tower
10:12 Guard Tower
10:13 Guard Tower
10:13 Guard Tower
10:13 Guard Tower
10:15 Scout Tower
10:20 Scout Tower
10:23 Guard Tower
10:24 Guard Tower
10:53 Guard Tower
10:53 Guard Tower
11:40 Workshop
11:45 Workshop
13:43 Gryphon Aviary
14:50 Farm
15:28 Farm
15:33 Scout Tower
15:48 Guard Tower
15:52 Guard Tower
15:53 Guard Tower
15:53 Guard Tower
15:57 Guard Tower
15:57 Guard Tower
15:57 Guard Tower
16:24 Guard Tower
16:24 Guard Tower
16:25 Guard Tower
18:12 Farm
18:30 Farm
18:31 Farm
19:13 Farm
21:15 Barracks
24:54 Farm
28:14 Farm
28:15 Farm
» items
| Periapt of Vitality | 2 | |
| Scroll of Regeneration | 5 | |
| Lesser Clarity Potion | 3 | |
| Ivory Tower | 5 | |
| Orb of Fire | 1 | |
| Mechanical Critter | 2 | |
| Potion of Healing | 3 | |
| Potion of Mana | 1 | |
| Scroll of Town Portal | 1 | |
| Orb of Corruption | 1 | |
24 total

»
ShreddedChicken (
red | 38 APM | 1236 actions | 32:33)
8 Archmage
3 Summon Water Elemental
3 Brilliance Aura
1 Mass Teleport
1 Blizzard
5 Paladin
3 Devotion Aura
2 Holy Light
» actions
| Assign group hotkey | 6 | |
| Basic commands | 152 | |
| Build / train | 107 | |
| Enter build submenu | 41 | |
| Enter hero's abilities submenu | 13 | |
| Give item / drop item | 1 | |
| Right click | 466 | |
| Select / deselect | 335 | |
| Select group hotkey | 19 | |
| Use ability | 96 | |
1236 total
» units
| Peasant | 27 | |
| Footman | 5 | |
| Gryphon Rider | 10 | |
| Dragonhawk Rider | 5 | |
| Knight | 8 | |
55 total
» upgrades
| Masonry | 3 | |
| Swords | 3 | |
| Defend | 1 | |
| Lumber Harvesting | 2 | |
| Cloud | 1 | |
| Storm Hammers | 1 | |
| Armor | 3 | |
| Animal War Training | 1 | |
15 total
» buildings
| Farm | 13 | |
| Altar of Kings | 1 | |
| Lumber Mill | 4 | |
| Scout Tower | 11 | |
| Barracks | 2 | |
| Arcane Vault | 1 | |
| Guard Tower | 6 | |
| Arcane Tower | 3 | |
| Keep | 2 | |
| Blacksmith | 1 | |
| Town Hall | 2 | |
| Castle | 1 | |
| Gryphon Aviary | 2 | |
49 total
» build order
00:25 Farm
00:38 Altar of Kings
00:54 Lumber Mill
01:08 Farm
01:47 Scout Tower
01:50 Scout Tower
01:58 Barracks
02:12 Arcane Vault
02:23 Guard Tower
02:50 Guard Tower
02:56 Scout Tower
03:01 Scout Tower
03:13 Farm
03:41 Guard Tower
03:43 Arcane Tower
05:12 Keep
05:17 Blacksmith
05:23 Scout Tower
06:06 Arcane Tower
06:24 Town Hall
07:18 Scout Tower
07:20 Scout Tower
07:22 Scout Tower
07:24 Scout Tower
07:27 Scout Tower
07:30 Scout Tower
07:45 Castle
07:49 Guard Tower
07:51 Arcane Tower
07:53 Guard Tower
08:02 Guard Tower
08:07 Farm
09:08 Gryphon Aviary
09:54 Farm
09:55 Farm
09:59 Farm
10:28 Gryphon Aviary
10:43 Barracks
14:49 Farm
14:51 Farm
16:11 Farm
16:15 Farm
19:49 Lumber Mill
26:24 Town Hall
26:27 Keep
27:15 Lumber Mill
27:41 Farm
27:43 Farm
28:01 Lumber Mill
» items
| Lesser Clarity Potion | 2 | |
| Scroll of Regeneration | 5 | |
| Orb of Fire | 1 | |
| Scroll of Town Portal | 1 | |
| Potion of Healing | 1 | |
10 total
commie92 (
teal | 22 APM | 701 actions | 32:33)
3 Demon Hunter
1 Immolation
2 Evasion
3 Firelord
2 Summon Lava Spawn
1 Soul Burn
» actions
| Basic commands | 1 | |
| Build / train | 82 | |
| Enter build submenu | 23 | |
| Enter hero's abilities submenu | 7 | |
| Remove unit from queue | 1 | |
| Right click | 278 | |
| Select / deselect | 271 | |
| Use ability | 38 | |
701 total
» units
| Wisp | 19 | |
| Huntress | 16 | |
| Archer | 10 | |
| Glaive Thrower | 10 | |
| Mountain Giant | 12 | |
67 total
» upgrades
| Strength of the Moon | 2 | |
| Moon Armor | 2 | |
| Strength of the Wild | 1 | |
5 total
» buildings
| Moon Well | 6 | |
| Altar of Elders | 1 | |
| Hunter's Hall | 1 | |
| Ancient of War | 1 | |
| Ancient Protector | 10 | |
| Tree of Ages | 1 | |
| Ancient of Lore | 1 | |
| Tree of Eternity | 0 | |
| Ancient of Wonders | 1 | |
22 total
» build order
01:30 Moon Well
01:34 Moon Well
01:48 Moon Well
02:33 Altar of Elders
03:19 Hunter's Hall
03:48 Ancient of War
04:25 Ancient Protector
05:16 Ancient Protector
05:23 Ancient Protector
05:34 Ancient Protector
05:50 Ancient Protector
09:32 Tree of Ages
09:49 Moon Well
10:53 Ancient Protector
14:12 Ancient Protector
14:21 Ancient Protector
14:48 Ancient Protector
15:03 Ancient Protector
16:36 Ancient of Lore
20:31 Tree of Eternity
20:38 Ancient of Wonders
22:24 Moon Well
23:35 Moon Well

»
Dblbarrel (
purple | 41 APM | 1349 actions | 32:33)
5 Death Knight
3 Death Coil
2 Unholy Aura
5 Dreadlord
3 Vampiric Aura
2 Sleep
3 Crypt Lord
2 Carrion Beetles
1 Impale
» actions
| Assign group hotkey | 10 | |
| Basic commands | 201 | |
| Build / train | 74 | |
| ESC pressed | 2 | |
| Enter build submenu | 20 | |
| Enter hero's abilities submenu | 13 | |
| Give item / drop item | 3 | |
| Right click | 297 | |
| Select / deselect | 356 | |
| Select group hotkey | 330 | |
| Use ability | 43 | |
1349 total
» units
| Acolyte | 9 | |
| Ghoul | 4 | |
| Crypt Fiend | 5 | |
| Obsidian Statue | 2 | |
| Frost Wyrm | 3 | |
23 total
» upgrades
| Creature Attack | 3 | |
| Web | 1 | |
| Creature Carapace | 3 | |
| Ghoul Frenzy | 1 | |
| Burrow | 1 | |
| Freezing Breath | 1 | |
10 total
» buildings
| Ziggurat | 8 | |
| Altar of Darkness | 1 | |
| Crypt | 1 | |
| Tomb of Relics | 1 | |
| Graveyard | 1 | |
| Halls of the Dead | 2 | |
| Necropolis | 1 | |
| Spirit Tower | 6 | |
| Slaughterhouse | 1 | |
| Sacrificial Pit | 1 | |
| Black Citadel | 1 | |
| Boneyard | 2 | |
26 total
» build order
00:13 Ziggurat
00:17 Altar of Darkness
00:49 Crypt
01:30 Tomb of Relics
01:41 Ziggurat
02:45 Graveyard
03:10 Halls of the Dead
06:40 Ziggurat
07:12 Ziggurat
08:06 Ziggurat
08:07 Ziggurat
08:08 Ziggurat
08:18 Necropolis
08:24 Spirit Tower
09:01 Slaughterhouse
09:07 Sacrificial Pit
09:45 Spirit Tower
09:49 Spirit Tower
09:56 Spirit Tower
11:21 Black Citadel
12:47 Halls of the Dead
15:11 Boneyard
15:12 Boneyard
19:34 Ziggurat
21:20 Spirit Tower
21:56 Spirit Tower
» items
| Dust of Appearance | 1 | |
| Rod of Necromancy | 3 | |
| Potion of Healing | 3 | |
| Scroll of Town Portal | 3 | |
| Orb of Corruption | 2 | |
| Scroll of Healing | 1 | |
| Orb of Fire | 1 | |
| Scroll of Regeneration | 1 | |
15 total
Chat log
(00:18 / All) 07forresterXT: yllw im a huge fan of yer music
(03:19 / All) Blight: level 1 harassing moron
(03:23 / All) Blight: you fucking idiot
(03:24 / All) commie92: .
(03:28 / All) commie92: blue
(03:30 / All) commie92: you
(03:33 / All) commie92: are fucked
(03:35 / All) Blight: he sucks ass
(03:36 / All) commie92: !!
(05:58 / Allies) commie92: its safe here
(05:58 / Allies) commie92: lol
(06:38 / All) Blight: you fucking clown
(06:52 / Allies) commie92: ?
(06:56 / Allies) Blight: insulting yellow
(06:59 / Allies) commie92: o
(08:43 / All) commie92: noob blue
(08:50 / All) Blight: he sucks big time
(11:01 / All) WorldsWorstDad: plz dp
(11:11 / All) WorldsWorstDad: they are threatening to TK me
(11:18 / All) WorldsWorstDad: **************YAWN****************
(11:27 / All) Blight: you clowns all suck, just leave and make it easier
(11:47 / All) WorldsWorstDad: shall i leave and make it easier?
(11:49 / All) Blight: yes
(11:51 / All) commie92: ,,,,
(12:00 / All) WorldsWorstDad: or shall i tk and make it easier
(12:04 / All) commie92: TK
(12:04 / All) Blight: either works
(12:08 / All) commie92: MAKE IT FUN
(12:14 / All) WorldsWorstDad: you want to fight me
(12:44 / All) WorldsWorstDad: i towered
(12:51 / All) commie92: STOP TALKING NUB
(12:52 / All) WorldsWorstDad: red dont even think about coming after me
(12:59 / All) WorldsWorstDad: dont even think about it
(13:07 / All) WorldsWorstDad: ive been hacking you this whole game red
(13:14 / All) WorldsWorstDad: i know what you did last summer
(14:00 / Allies) Blight: get cloud red
(15:10 / All) commie92: lets go orange ! ! ! ! !
(15:35 / Allies) Dblbarrel: WE NEED MORE THAN HUNTS TEAL
(15:36 / All) commie92: noo
(15:40 / Allies) commie92: yes
(15:42 / Allies) commie92: we d
(15:50 / Allies) commie92: glaiv ethrowers
(15:54 / Allies) Dblbarrel: this not tower defense its RT
(15:57 / Allies) commie92: lol
(16:06 / Allies) Blight: inc
(17:02 / All) commie92: NOT GOOD
(17:12 / All) Blight: fucking scrubs
(17:38 / Allies) Blight: your beetle is blocking you
(18:10 / Allies) Dblbarrel: ur base pink is total noob build
(18:13 / Allies) commie92: lol
(18:15 / Allies) Blight: no it's fine
(18:18 / Allies) commie92: LOL
(18:21 / Allies) commie92: fine.
(18:21 / Allies) Blight: you are just a moron and get blocked by your own carrion beetles
(18:22 / Allies) Dblbarrel: u trying to get us killed in AOE?
(18:27 / Allies) Blight: shut the fuck up
(18:34 / Allies) commie92: lets attack blue
(18:37 / Allies) Dblbarrel: defend yourself
(19:21 / Allies) Dblbarrel: noobs pl;aying TD not RT
(20:14 / All) Blight: fucking moron
(20:59 / Allies) Blight: let's all group up and hit
(22:54 / Allies) Blight: group up and hit
(23:23 / Allies) commie92: gj
(23:42 / All) Blight: you fucking morons
(23:45 / All) commie92: orange still here
(23:57 / All) commie92: die noob die
(25:54 / Allies) Dblbarrel: mgs stuck in noob build
(26:01 / Allies) commie92: ??
(26:02 / Allies) commie92: lol!
(26:07 / Allies) commie92: no
(26:09 / Allies) commie92: they not stuxk
(26:12 / Allies) commie92: threre is stpace
(26:19 / Allies) commie92: see
(26:19 / Allies) Dblbarrel: this RT not TD
(26:24 / All) commie92: whats rt
(26:28 / Allies) commie92: RT = ?
(26:31 / Allies) Blight: he's just an idiot and thinks you should have a wide open base so he doesn't get blocked by his own fucking carrion beetles
(27:17 / Allies) Blight: nice base build purple
(27:20 / Allies) Blight: you fucking moron
(27:30 / Allies) commie92: lmao
(27:42 / Allies) commie92: who likes my base?
(27:42 / Allies) Blight: now you can't get blocked at your ramp by fucking carrion beetles
(27:44 / Allies) Blight: because it's all wide open
(27:45 / Allies) Dblbarrel: 10 yr olds and their nerd rage
(27:46 / Allies) Blight: I do, teal
(27:49 / Allies) Blight: you have a good base build
(27:50 / Allies) commie92: ty
(27:56 / Allies) commie92: aprricate it
(27:57 / Allies) Blight: it's too high level for moons like purple though
(27:59 / Allies) commie92: xD
(28:43 / Allies) Blight: yeah attack a 3/3 tank with the ziggurat you moron
(28:48 / Allies) Blight: it will help your expo from being demolished
(29:36 / Allies) Dblbarrel: nerd rage
(29:40 / Allies) Blight: I'm not mad
(29:44 / Allies) Blight: you're just a fucking idiot
(30:09 / Allies) Blight: bad tp?
(30:16 / Allies) ShreddedChicken: yeah
(31:32 / All) commie92: why are we still playing
(31:39 / All) Blight: because orange is dumber than purple
(32:00 / All) commie92: orange
(32:02 / All) commie92: where the fuck are u
(32:13 / All) commie92: ???????????
(32:13 / All) Blight: nice last second attempted tk on a two fucking thousand HP MK, you moron purple